 Dungeon Crawl Stone Soup version 0.27.1 (webtiles) character file.

Game seed: 12007561323194901616

33656 funkygono the Thaumaturge (level 13, 0/68 HPs)
             Began as a Gargoyle Fire Elementalist on Aug 28, 2021.
             Was a High Priest of Vehumet.
             Shot with an arrow by Nessos (7 damage)
             ... on level 5 of the Lair of Beasts.
             The game lasted 00:51:19 (17739 turns).

funkygono the Thaumaturge (GrFE)                   Turns: 17739, Time: 00:51:20

Health: 0/68       AC: 22    Str: 13    XL:     13   Next: 72%
Magic:  16/29      EV: 13    Int: 29    God:    Vehumet [*****.]
Gold:   1336       SH:  7    Dex: 13    Spells: 5/36 levels left

rFire    + . .     SeeInvis .   e - +2 whip (vamp)
rCold    x . .     Faith    .   a - +2 buckler {AC+3}
rNeg     + . .     Spirit   .   y - +0 steam dragon scales
rPois    ∞         Reflect  .   B - +2 hat {Int+3}
rElec    +         Harm     .   (no cloak)
rCorr    .         Rampage  .   c - +2 pair of gloves {Dex+3}
Will     .....                  (no boots)
Stlth    ++........             j - amulet of regeneration
HPRegen  1.21/turn              o - +6 ring of intelligence
MPRegen  0.21/turn              x - ring of fire

@: marked
A: sickness immunity, AC +9, negative energy resistance 1, electricity
resistance, torment resistance 1, petrification resistance
a: Renounce Religion


You were on level 5 of the Lair of Beasts.
You worshipped Vehumet.
Vehumet was extremely pleased with you.
You visited 3 branches of the dungeon, and saw 15 of its levels.
You also visited: Bailey.

You collected 1551 gold pieces.
You spent 215 gold pieces at shops.

Inventory:

Hand Weapons
 e - a +2 vampiric whip (weapon)
 g - a +0 flail of protection
Missiles
 h - 499 stones
Armour
 a - a +2 buckler of protection (worn)
 c - a +2 pair of gloves of dexterity (worn)
 i - a +1 pair of gloves
 q - a +0 leather armour
 y - +0 steam dragon scales (worn)
 B - a +2 hat of intelligence (worn)
Magical Staves
 F - a staff of death
Jewellery
 j - an amulet of regeneration (around neck)
 o - a +6 ring of intelligence (left hand)
 s - a ring of positive energy
 x - a ring of fire (right hand)
 C - an amulet of the acrobat
Wands
 n - a wand of flame (18)
 r - a wand of paralysis (8)
 t - a wand of acid (11) (quivered)
Scrolls
 b - 3 scrolls of amnesia
 u - 2 scrolls of magic mapping
 v - 4 scrolls of fog
 D - 3 scrolls of teleportation
Potions
 f - 4 potions of mutation
 k - 4 potions of attraction
 l - 4 potions of curing
 m - 3 potions of haste
 p - 2 potions of magic
 w - a potion of cancellation
 z - 5 potions of might
 A - 2 potions of brilliance
 G - a potion of resistance
 J - a potion of flight


   Skills:
 + Level 2.6 Fighting
 + Level 2.0 Maces & Flails
 + Level 3.7 Dodging
 - Level 2.1 Stealth
 * Level 4.4 Shields
 * Level 12.3 Spellcasting
 * Level 11.4 Conjurations
 * Level 10.9 Fire Magic
 * Level 3.8 Air Magic
 + Level 7.6 Earth Magic
 * Level 5.2 Poison Magic


You had 5 spell levels left.
You knew the following spells:

 Your Spells              Type           Power      Damage    Failure   Level
a - Foxfire               Conj/Fire      100%       2x1d9     1%          1
b - Conjure Flame         Conj/Fire      89%        6-21      1%          3
c - Sticky Flame          Conj/Fire      89%        2d10      1%          4
d - Fireball              Conj/Fire      44%        3d18      1%          5
e - Sandblast             Erth           100%       2d20      1%          1
f - Static Discharge      Conj/Air       58%        N/A       1%          2
g - Stone Arrow           Conj/Erth      100%       3d13      1%          3
h - Mephitic Cloud        Conj/Pois/Air  55%        N/A       1%          3
i - Ignite Poison         Fire/Tmut/Pois 65%        N/A       1%          3
j - Starburst             Conj/Fire      44%        6d12      1%          6

Your spell library contained the following spells:

 Spells                   Type           Power      Damage    Failure   Level
 Spellforged Servitor     Conj/Summ      25%        N/A       50%         7
 Magic Dart               Conj           100%       1d8       1%          1
 Shock                    Conj/Air       100%       1d9       1%          1
 Inner Flame              Hex/Fire       65%        N/A       1%          3
 Swiftness                Air            40%        N/A       1%          3
 Airstrike                Air            20%        N/A       1%          4
 Irradiate                Conj/Tmut      25%        3d22      2%          5
 Pain                     Necr           68%        1d7       3%          1
 Call Imp                 Summ           17%        N/A       4%          2
 Slow                     Hex            17%        N/A       4%          2
 Confusing Touch          Hex            17%        N/A       9%          3
 Vampiric Draining        Necr           8%         2d7       9%          3
 Agony                    Necr           17%        N/A       63%         5
 Blade Hands              Tmut           8%         N/A       63%         5
 Excruciating Wounds      Necr           8%         N/A       63%         5
 Summon Forest            Summ/Tloc      8%         N/A       63%         5
 Eringya's Noxious Bog    Tmut/Pois      16%        N/A       36%         6
 Dragon Form              Tmut           8%         N/A       100%        7
 Summon Hydra             Summ           8%         N/A       100%        7


Dungeon Overview and Level Annotations

Branches:
Dungeon (9/15)             Temple (1/1) D:5            Lair (5/6) D:9
  Swamp (0/4) Lair:2       Spider (0/4) Lair:4          Orc (0/2) D:9
 Bailey (visited)
  Slime: Lair:5-6

Altars:
Ashenzari
Cheibriados
Dithmenos
Elyvilon
Fedhas
Gozag
Hepliaklqana
Kikubaaqudgha
Makhleb
Nemelex Xobeh
Okawaru
Qazlal
Ru
Sif Muna
Trog
Uskayaw
Vehumet
Wu Jian
Xom
Yredelemnul
Zin
The Shining One

Shops:
D:4 ?   D:5 [   D:6 (   D:9 :

Annotations:
D:4 2 runed translucent doors, jazmu's ghost, amateur GrFE
Lair:5 Nessos


Innate Abilities, Weirdness & Mutations

You are immune to sickness and miasma.
Your stone body is resilient. (AC +9)
You are immune to poison.
You resist negative energy. (rN+)
You are resistant to electric shocks. (rElec)
You are resistant to unholy torment.
You are immune to petrification.


Message History

A yak comes into view.
The yak closely misses you.
Nessos blinks!
Casting: Starburst (dangerous; 1% risk of failure)
Confirm with . or Enter, or press ? or * to list all spells.
Casting: Starburst (dangerous; 1% risk of failure)
Press: ? - help, Dir - look around, f - activate You feel a surge of power!
The bolt of fire hits the yak!!!
You kill the yak!
Vehumet accepts your kill.
You feel your power returning.
The bolt of fire hits the yak!!
The yak is almost dead.
The bolt of fire hits the cane toad!!!
You kill the cane toad!
Vehumet accepts your kill.
You feel your power returning.
The bolt of fire hits the yak!!
You kill the yak!
Vehumet accepts your kill.
You feel your power returning.
The bolt of fire hits the six-headed hydra!!!
The six-headed hydra is heavily wounded.
Okay, then.
Casting: Starburst (dangerous; 1% risk of failure)
Confirm with . or Enter, or press ? or * to list all spells.
Casting: Starburst (dangerous; 1% risk of failure)
Press: ? - help, Dir - look around, f - activate You feel a surge of power!
The bolt of fire hits the yak!!!
You kill the yak!
Vehumet accepts your kill.
You feel your power returning.
The bolt of fire hits the six-headed hydra!!!
You kill the six-headed hydra!
Vehumet accepts your kill.
You feel your power returning.
Nessos shoots an arrow.
The arrow hits you!
* * * LOW HITPOINT WARNING * * *
The arrow burns you.
* * * LOW HITPOINT WARNING * * *
Nessos shoots an arrow.
You block the arrow.
A black mamba comes into view.
Nessos shoots an arrow.
The arrow hits you!
You die...

....P...............
....P..S............
.P...P..............
Y.#..††............
. #..Y....c........
.. ####Y....†.§.P#
...
###.Y........##..#
#.#...F†.........#
#....@.........##
≈≈≈≈§≈.......†.###
.≈..§§≈§.......#.#
....§§≈§§.......##
#......≈..#.....P#
##.#........#P..##
###...........#.#
##.........P.##
##........P..##


You could see Nessos (fast), a black mamba, 3 yaks and a cane toad.

Vanquished Creatures
  Gastronok (D:8)
  A boulder beetle (Lair:4)
  9 hydras
  3 black mambas
  6 elephants (Lair:4)
  10 cane toads
  Maggie (D:8)
  3 rime drakes
  9 komodo dragons
  A polar bear (D:9)
  A slime creature (D:9)
  Sigmund (D:4)
  A vampire (D:9)
  42 yaks
  Grum (D:8)
  3 wyverns (D:9)
  2 basilisks (Lair:2)
  A steam dragon (D:9)
  11 water moccasins
  4 swamp worms (Lair:2)
  Duvessa (D:5)
  11 orc warriors
  A sky beast (D:5)
  4 necrophages
  6 black bears
  4 ogres
  3 ice beasts
  19 wolves
  4 centaurs
  Blork the orc (D:5)
  A phantom (D:5)
  2 kobold brigands
  12 bullfrogs
  A gnoll sergeant (D:9)
  A scorpion (Lair:4)
  Dowan (D:5)
  A hornet simulacrum (D:9)
  A water moccasin skeleton (D:6)
  A wight (D:6)
  An electric eel (D:9)
  6 howler monkeys
  5 jellies (D:9)
  An orc priest (D:9)
  3 bullfrog zombies (D:6)
  3 hounds
  A human zombie (D:6)
  2 centaur skeletons
  7 centaur zombies
  2 iguanas
  7 orc wizards
  A killer bee zombie (D:8)
  2 centaur simulacra (D:9)
  2 hound zombies (D:5)
  4 howler monkey zombies
  A howler monkey skeleton (D:7)
  8 gnolls
  3 adders
  A shadow imp (D:6)
  6 white imps
  A howler monkey simulacrum (D:9)
  3 ufetubi
  An adder skeleton (D:5)
  7 worms
  3 dart slugs
  30 orcs
  7 ball pythons
  18 endoplasms
  7 giant cockroaches
  10 goblins
  5 hobgoblins
  7 jackals
  26 kobolds
  2 quokkas (D:5)
  4 bats
  2 frilled lizards (D:1)
  6 rats
391 creatures vanquished.

Vanquished Creatures (collateral kills)
  3 foxfires
3 creatures vanquished.

Vanquished Creatures (others)
  1402 foxfires
  24 fungi
  15 plants
1441 creatures vanquished.

Grand Total: 1835 creatures vanquished

Notes
Turn   | Place    | Note
-------+----------+-------------------------------------------
     0 | D:1      | funkygono the Gargoyle Fire Elementalist began the quest
                  | for the Orb.
     0 | D:1      | Reached XP level 1. HP: 10/10 MP: 3/3
   287 | D:1      | Reached XP level 2. HP: 15/15 MP: 3/5
   887 | D:1      | Reached XP level 3. HP: 19/19 MP: 4/6
   891 | D:1      | Learned a level 3 spell: Conjure Flame
  1953 | D:2      | Reached XP level 4. HP: 24/24 MP: 5/8
  1958 | D:2      | Learned a level 4 spell: Sticky Flame
  2302 | D:3      | Found an opulent altar of Gozag.
  2303 | D:3      | Found an ornate altar of the Wu Jian Council.
  2303 | D:3      | Found a glowing silver altar of Zin.
  2304 | D:3      | Found a hide-covered altar of Uskayaw.
  2621 | D:3      | Found a faded altar of an unknown god.
  2711 | D:3      | Reached skill level 3 in Spellcasting
  3372 | D:4      | Reached XP level 5. HP: 28/28 MP: 2/9
  3541 | D:4      | Identified the +1 dagger of Soojit {drain, rC+}
  3589 | D:4      | Noticed Sigmund
  3633 | D:4      | Killed Sigmund
  3634 | D:4      | Reached skill level 4 in Spellcasting
  3634 | D:4      | Reached XP level 6. HP: 30/33 MP: 0/12
  3645 | D:4      | Learned a level 5 spell: Fireball
  3726 | D:4      | Found Meff's Magic Scroll Shop.
  3804 | D:4      | Reached skill level 5 in Fire Magic
  3804 | D:4      | Reached XP level 7. HP: 37/37 MP: 6/13
  3857 | D:4      | Found a large runed translucent door.
  3857 | D:4      | Found a large runed translucent door.
  3858 | D:4      | Noticed jazmu's ghost (amateur GrFE)
  4163 | D:5      | Entered Level 5 of the Dungeon
  4167 | D:5      | Found Xalef's Armour Emporium.
  4249 | D:5      | Found a staircase to the Ecumenical Temple.
  4338 | Temple   | Entered the Ecumenical Temple
  4411 | Temple   | Became a worshipper of Vehumet
  4650 | D:5      | Reached skill level 5 in Spellcasting
  4836 | D:5      | Reached XP level 8. HP: 42/42 MP: 7/16
  4900 | D:5      | Noticed Blork the orc
  4913 | D:5      | Killed Blork the orc
  4978 | D:5      | Noticed Duvessa
  4986 | D:5      | Noticed Dowan
  4992 | D:5      | Killed Duvessa
  4993 | D:5      | Reached skill level 5 in Conjurations
  5026 | D:5      | Killed Dowan
  5027 | D:5      | Reached skill level 6 in Spellcasting
  5715 | D:6      | Found Falauv's Weapon Boutique.
  6058 | D:6      | Found a faded altar of an unknown god.
  6108 | D:6      | Reached XP level 9. HP: 46/46 MP: 13/19
  6426 | D:6      | Reached * piety under Vehumet
  6426 | D:6      | Offered knowledge of Sandblast by Vehumet.
  6427 | D:6      | Reached skill level 7 in Spellcasting
  6439 | D:6      | Learned a level 1 spell: Sandblast
  6702 | D:6      | Reached skill level 1 in Earth Magic
  6774 | D:6      | Found a basalt altar of Yredelemnul.
  7033 | D:6      | Identified a scroll of acquirement
  7033 | D:6      | Acquired a +2 pair of gloves of dexterity
  7279 | D:7      | Reached skill level 8 in Spellcasting
  8050 | D:8      | Reached ** piety under Vehumet
  8050 | D:8      | Offered knowledge of Static Discharge by Vehumet.
  8137 | D:8      | Noticed Gastronok
  8140 | D:8      | Noticed Grum
  8150 | D:8      | Reached XP level 10. HP: 51/51 MP: 17/22
  8649 | D:8      | Killed Grum
  8964 | D:8      | Noticed Maggie
  8979 | D:8      | Killed Maggie
  8980 | D:8      | Reached skill level 1 in Fighting
  9293 | D:8      | Killed Gastronok
  9294 | D:8      | Reached skill level 9 in Spellcasting
  9294 | D:8      | Reached skill level 5 in Earth Magic
  9338 | D:8      | Learned a level 2 spell: Static Discharge
  9533 | D:9      | Found a staircase to the Lair.
  9573 | D:9      | Reached XP level 11. HP: 56/56 MP: 19/24
  9632 | D:9      | Found a burning altar of Makhleb.
  9712 | D:9      | Reached skill level 10 in Spellcasting
  9814 | D:9      | Found a flagged portal.
  9814 | D:9      | Offered knowledge of Searing Ray by Vehumet.
  9877 | Bailey   | Entered a bailey
  9890 | Bailey   | Reached *** piety under Vehumet
 10140 | Bailey   | Identified the +11 great sword of Ulaheo {vorpal, MP+9
                  | Dex+4}
 10170 | Bailey   | Found a bloodstained altar of Trog.
 10472 | D:9      | Offered knowledge of Stone Arrow by Vehumet.
 10477 | D:9      | Learned a level 3 spell: Stone Arrow
 10631 | D:9      | Found a staircase to the Orcish Mines.
 10705 | D:9      | Found Bituvo's Book Shop.
 11014 | D:9      | Reached **** piety under Vehumet
 11066 | D:9      | Offered knowledge of Mephitic Cloud by Vehumet.
 11542 | D:9      | Learned a level 3 spell: Mephitic Cloud
 11546 | D:9      | Learned a level 3 spell: Ignite Poison
 11734 | D:5      | Bought a +2 buckler of protection for 215 gold pieces
 11915 | Lair:1   | Entered Level 1 of the Lair of Beasts
 12122 | D:9      | Reached skill level 1 in Air Magic
 12204 | Lair:1   | Noticed an eight-headed hydra
 12236 | D:9      | Reached skill level 1 in Poison Magic
 12390 | D:9      | Killed an eight-headed hydra
 12391 | D:9      | Reached skill level 1 in Shields
 12391 | D:9      | Reached skill level 11 in Spellcasting
 12491 | Lair:1   | Reached ***** piety under Vehumet
 12492 | Lair:1   | Reached XP level 12. HP: 61/61 MP: 19/27
 12502 | Lair:1   | Offered knowledge of Starburst by Vehumet.
 12514 | Lair:1   | Learned a level 6 spell: Starburst
 12739 | Lair:1   | Reached skill level 1 in Maces & Flails
 12766 | Lair:1   | Reached skill level 10 in Fire Magic
 13314 | Lair:2   | Noticed a seven-headed hydra
 13346 | Lair:1   | Killed a seven-headed hydra
 13723 | Lair:2   | Noticed a six-headed hydra
 13730 | Lair:2   | Killed a six-headed hydra
 13731 | Lair:2   | Reached skill level 10 in Conjurations
 14068 | Lair:2   | Noticed a seven-headed hydra
 14086 | Lair:2   | Killed a seven-headed hydra
 14199 | Lair:2   | Noticed an eight-headed hydra
 14214 | Lair:2   | Killed an eight-headed hydra
 14312 | Lair:2   | Found a staircase to the Swamp.
 14839 | Lair:3   | Noticed a four-headed hydra
 14845 | Lair:3   | Killed a four-headed hydra
 15721 | Lair:4   | Reached XP level 13. HP: 66/66 MP: 24/28
 15967 | Lair:4   | Found a hole to the Spider Nest.
 16436 | Lair:4   | Offered knowledge of Spellforged Servitor by Vehumet.
 16449 | Lair:4   | Reached skill level 12 in Spellcasting
 16653 | Lair:4   | Reached skill level 5 in Poison Magic
 17511 | Lair:4   | Acquired 609 gold pieces
 17714 | Lair:5   | Noticed Nessos
 17739 | Lair:5   | Shot with an arrow by Nessos

Illustrated notes

Levels and vault maps discovered:
D:1:      dpeg_chamrin_arrival_tetris, layout_basic, roderic_lattice_a
D:2:      layout_rooms
D:3:      layout_basic, chequers_temple_overflow_statue_of_worship,
          dreamdust_ecumenical_altar_angels_and_demons
D:4:      layout_cave_pools, ebering_ghost_disaster_area, serial_shops,
          nicolae_diamond_shop, uniq_sigmund
D:5:      layout_loops_ring, minmay_temple_entry_mini_moons, serial_shops,
          nicolae_shop_window_shopping, uniq_blork_the_orc, uniq_duvessa
D:6:      layout_cave_pools, lemuel_mausoleum_altar_yredelemnul, serial_shops,
          nicolae_shop_trees, serial_column_ruins, column_ruins_temple_circle,
          column_ruins_hut_pillars, column_ruins_columns_corner,
          column_ruins_open_small, column_ruins_columns_straight,
          column_ruins_grid_1, grunt_decor_resistance
D:7:      layout_rooms
D:8:      layout_loops_ring, uniq_maggie, uniq_grum, uniq_gastronok
D:9:      lemuel_slime, layout_long_grid, amcnicky_altar_gilded,
          lair_entry_dummy, david_orc_4, enter_bailey_5, serial_ice,
          serial_ice_h, serial_ice_o, serial_ice_l, serial_ice_a, serial_ice_c,
          serial_ice_b, serial_shops, shop, minmay_puff
Temple:   nicolae_temple_elliptical
Lair:1:   layout_misc_corridors, grunt_megastairs_1, infiniplex_staircase_pool,
          lemuel_fruit_tree
Lair:2:   layout_cave_pods, palyth_hydra_swamp_entry, serial_bayou_shore_b
Lair:3:   layout_cave_pods
Lair:4:   layout_cave_pods, nicolae_spider_entry_non_spiders
Lair:5:   layout_cave_shapes, chequers_serial_rivers_small_a,
          grunt_megastairs_5, uniq_nessos

Skill      XL: |  1  2  3  4  5  6  7  8  9 10 11 12 13 |
---------------+----------------------------------------+-----
Conjurations   | 2 3 4 6 7 8 9 10 11 | 11.4
Spellcasting   | 3 4 5 6 8 9 11 12 | 12.3
Fire Magic     | 4 5 6 8 9 10 | 10.9
Earth Magic    | 2 6 7 |  7.6
Dodging        | 2 3 |  3.7
Fighting       | 1 2 |  2.6
Air Magic      | 1 3 |  3.8
Poison Magic   | 2 4 5 |  5.2
Shields        | 1 3 4 |  4.4
Maces & Flails | 1 2 |  2.0
Stealth        | |  2.1

Action                   |  1- 3 |  4- 6 |  7- 9 | 10-12 | 13-15 || total
-------------------------+-------+-------+-------+-------+-------++-------
Melee: Whip              |    10 |    20 |    16 |    65 |    75 ||   186
 Cast: Foxfire           |    68 |    88 |   225 |   352 |    91 ||   824
       Sticky Flame      |       |       |    16 |    63 |    26 ||   105
       Sandblast         |       |       |    26 |    61 |    38 ||   125
       Fireball          |       |       |       |    16 |     5 ||    21
       Mephitic Cloud    |       |       |       |     4 |     5 ||     9
       Ignite Poison     |       |       |       |     3 |     5 ||     8
       Conjure Flame     |       |       |       |     1 |       ||     1
       Starburst         |       |       |       |     3 |     8 ||    11
       Static Discharge  |       |       |       |       |     6 ||     6
  Use: Scroll            |     2 |     2 |     7 |    10 |     5 ||    26
       Potion            |       |       |       |     1 |     1 ||     2
 Stab: Sleeping          |       |     1 |       |       |       ||     1
Armor: Robe              |     4 |    11 |    55 |    22 |       ||    92
       Steam dragon scal |       |       |       |   166 |    69 ||   235
Dodge: Dodged            |     6 |    31 |    74 |   240 |    89 ||   440
Block: Buckler           |       |       |       |    76 |    61 ||   137
